[Event "Titled Tuesday Blitz October 31 Late 2023"]
[White "Quirke, Jeffrey"]
[Black "Novikova, Galina"]
[WhiteFideId "2013029"]
[BlackFideId "4157095"]
[WhiteElo "2242"]
[BlackElo "2406"]
[Result "1-0"]
[Round "9"]
[TimeControl "180+1"]
[Date "2023.10.31"]
[WhiteClock "0:00:26"]
[BlackClock "0:01:22"]
[Board "94"]

1. e4 e6 2. Nf3 d5 3. e5 Bd7 4. a3 Ne7 5. d4 Nf5 6. Bd3 c5 7. c3 Nc6 8. Bxf5 exf5 9. dxc5 Be6 10. b4 h6 11. h4 Qc7 12. Bf4 O-O-O 13. Qe2 Be7 14. Nd4 Nxd4 15. cxd4 g5 16. Bd2 f4 17. Nc3 Bf5 18. Nb5 Qb8 19. Rc1 Kd7 20. O-O Rhg8 21. Nd6 a6 22. Nxf5 Qc7 23. b5 Ke6 24. Nxe7 Qxe7 25. bxa6 bxa6 26. Qxa6+ Kf5 27. Qf6+ Qxf6 28. exf6 Kxf6 29. hxg5+ hxg5 30. c6 Ke6 31. Rc5 f5 32. Re1+ Kd6 33. Bb4 Rc8 34. Re5 Rxc6 35. Rexd5+ Kc7 36. Rxc6+ Kxc6 37. Rxf5 Kd7 38. d5 Rg6 39. Rf7+ Ke8 40. Rb7 g4 41. d6 f3 42. d7+ Kd8 43. Ba5+ Ke7 44. d8=Q+ Ke6 45. Rb6+ Kf5 46. Rxg6 Kxg6 47. gxf3 gxf3 48. Qd5 Kh6 49. Qxf3 Kg6 50. Qf4 Kh5 51. Qg3 Kh6 52. Kg2 Kh5 53. Kf3 Kh6 54. Qg4 Kh7 55. Qg5 Kh8 56. Kf4 Kh7 57. Kf5 Kh8 58. Kf6 Kh7 59. Qg7# 1-0


[Site "https://www.chess.com"]

[Event "Titled Tuesday Blitz October 31 Late 2023"]
[White "Souza, Gustavo Horokoski De"]
[Black "ChessLebaneseSalah"]
[WhiteFideId "2146584"]
[WhiteElo "2199"]
[BlackElo "2401"]
[Result "1/2-1/2"]
[Round "9"]
[TimeControl "180+1"]
[Date "2023.10.31"]
[WhiteClock "0:00:12"]
[BlackClock "0:00:15"]
[Board "95"]

1. c4 c6 2. e4 d5 3. exd5 cxd5 4. d4 Nf6 5. Nc3 Nc6 6. Nf3 Bg4 7. Be2 e6 8. O-O Be7 9. cxd5 Nxd5 10. h3 Bf5 11. Qb3 Nb6 12. Rd1 O-O 13. Be3 Nb4 14. Rac1 Rc8 15. Ne5 N4d5 16. Bf3 Bf6 17. Nxd5 exd5 18. Nd3 Rxc1 19. Rxc1 Nc4 20. Nf4 Be6 21. a3 Nxe3 22. fxe3 Bg5 23. Nxe6 fxe6 24. Re1 b6 25. Qd3 Qf6 26. e4 Bh4 27. Rf1 dxe4 28. Qxe4 Bg5 29. Be2 Qe7 30. Rxf8+ Kxf8 31. Qf3+ Bf6 32. Qa8+ Kf7 33. Qe4 g6 34. Bc4 Qd6 35. d5 exd5 36. Bxd5+ Kg7 37. Qe6 Qxe6 38. Bxe6 Bxb2 39. a4 a6 40. Bc4 a5 41. Bb5 Bd4+ 42. Kf1 Bc5 43. Ke2 Kf6 44. Kf3 h6 45. g4 Kg5 46. Kg2 Bd6 47. Bd7 Kh4 48. Bb5 Bc7 49. Bd7 Kg5 50. Bb5 Kf4 51. Bd7 Bd8 52. Be8 Kg5 53. Bb5 Be7 54. Bd7 h5 55. gxh5 gxh5 56. Bb5 Kf4 57. Bc6 Bf6 58. Bb5 Be5 59. Be8 Ke4 60. Bxh5 Kd4 61. Be8 Kc4 62. Bb5+ Kd4 63. Kf3 Kd5 64. Kg4 Ke6 65. Kg5 Kf7 66. Kf5 Bb2 67. h4 Kg7 68. h5 Kh6 69. Kg4 Bc3 70. Bc6 Bd4 71. Bb5 Bc5 72. Bc6 Be7 73. Bb5 Bf8 74. Bc6 Be7 1/2-1/2


[Site "https://www.chess.com"]

[Event "Titled Tuesday Blitz October 31 Late 2023"]
[White "Djordjevic, Dejan N"]
[Black "el_sporco"]
[WhiteFideId "913316"]
[WhiteElo "2054"]
[BlackElo "2401"]
[Result "1-0"]
[Round "9"]
[TimeControl "180+1"]
[Date "2023.10.31"]
[WhiteClock "0:00:05"]
[BlackClock "0:00:15"]
[Board "96"]

1. e4 e6 2. d3 d5 3. Nd2 Nf6 4. Ngf3 Be7 5. c3 O-O 6. e5 Nfd7 7. d4 c5 8. Be2 Nc6 9. O-O f6 10. exf6 Bxf6 11. Nb3 cxd4 12. cxd4 e5 13. dxe5 Ndxe5 14. Nfd4 a5 15. Be3 a4 16. Nc5 Qa5 17. Nce6 Re8 18. Nf4 Bd7 19. Rc1 Rac8 20. Nb5 Ne7 21. Nd6 Rxc1 22. Qxc1 Rb8 23. Rd1 Bc6 24. Ne6 Bd7 25. Nc7 Bc6 26. Ne6 Bd7 27. Nf4 Bc6 28. Nh5 Rd8 29. Nxf6+ gxf6 30. Bc5 N7g6 31. Ba3 Qc7 32. Nf5 Qd7 33. Qc2 Qe6 34. Bf1 d4 35. Nxd4 Qd5 36. f4 Qxd4+ 37. Rxd4 Rxd4 38. fxe5 fxe5 39. Bc5 Nf4 40. Bxd4 exd4 41. Qf5 Nd5 42. Qe6+ Kg7 43. Qe5+ Kg6 44. Qxd4 Nf6 45. Bd3+ Kg5 46. h4+ Kh5 47. Kf1 Ng4 48. Qf4 Kxh4 49. Be2 Bd7 50. Bxg4 Bxg4 51. Kf2 h5 52. g3+ Kh3 53. Qe4 Bd7 54. Qh1+ Kg4 55. Qh4+ Kf5 56. Qxh5+ Ke4 57. Qh4+ Kd5 58. Qb4 Bc6 59. g4 Ke6 60. Kg3 Kf6 61. Kf4 Kg6 62. g5 Kf7 63. Qd6 Kg8 64. Kf5 Kf7 65. g6+ Ke8 66. Kf6 Bd5 67. Qe7# 1-0


[Site "https://www.chess.com"]

[Event "Titled Tuesday Blitz October 31 Late 2023"]
[White "Arutla, Aditya"]
[Black "Alfaro, William"]
[WhiteFideId "30961998"]
[BlackFideId "6100457"]
[WhiteElo "2428"]
[BlackElo "2211"]
[Result "1/2-1/2"]
[Round "9"]
[TimeControl "180+1"]
[Date "2023.10.31"]
[WhiteClock "0:01:03"]
[BlackClock "0:00:18"]
[Board "97"]

1. d4 Nf6 2. Bf4 g6 3. Nf3 Bg7 4. e3 d6 5. Bd3 Nh5 6. Bg3 c5 7. c3 O-O 8. O-O Nxg3 9. hxg3 Qb6 10. b3 cxd4 11. exd4 Nc6 12. Nbd2 Bg4 13. Nc4 Qc7 14. Ne3 Bxf3 15. Qxf3 e5 16. dxe5 Nxe5 17. Qe2 Nxd3 18. Qxd3 Qxc3 19. Qxd6 Qxa1 20. Rxa1 Bxa1 21. Nd5 Rad8 22. Qc5 b6 23. Ne7+ Kg7 24. Qc7 Rfe8 25. Nc6 Rc8 26. Qd7 a5 27. Qb7 Bf6 28. Qxb6 Re6 29. Qxa5 Rexc6 30. b4 Rc1+ 31. Kh2 Rf1 32. Qb6 Rcc1 33. g4 Be5+ 34. g3 Rc2 35. Kg2 Rfxf2+ 36. Qxf2 Rxf2+ 37. Kxf2 Kf6 38. Ke3 Kg5 39. a4 Kxg4 40. a5 Bc7 41. Kd4 h5 42. Kc5 Kxg3 43. Kc6 Bb8 44. a6 h4 45. Kb7 Ba7 46. Kxa7 h3 47. Kb8 h2 48. a7 h1=Q 49. a8=Q Qxa8+ 50. Kxa8 f5 51. b5 f4 52. b6 f3 53. b7 f2 54. b8=Q+ Kg2 55. Qb7+ Kg1 56. Qb6 g5 57. Qe3 Kg2 58. Qxg5+ Kh2 59. Qh4+ Kg2 60. Qg4+ Kh2 61. Qf3 Kg1 62. Qg3+ Kh1 63. Qf3+ Kg1 64. Kb7 f1=Q 65. Qe3+ Qf2 66. Qg5+ Qg2+ 67. Qxg2+ Kxg2 1/2-1/2


[Site "https://www.chess.com"]

[Event "Titled Tuesday Blitz October 31 Late 2023"]
[White "Zivic, Dragan"]
[Black "Wanyama, Harold"]
[WhiteFideId "904740"]
[BlackFideId "10000380"]
[WhiteElo "2312"]
[BlackElo "2427"]
[Result "1-0"]
[Round "9"]
[TimeControl "180+1"]
[Date "2023.10.31"]
[WhiteClock "0:00:24"]
[BlackClock "0:00:00"]
[Board "98"]

1. c4 e5 2. Nc3 Nf6 3. Nf3 Nc6 4. g3 Bc5 5. Nxe5 Nxe5 6. d4 Nxc4 7. dxc5 Qe7 8. Qd4 Ne5 9. Bg2 O-O 10. O-O Nc6 11. Qc4 b6 12. cxb6 axb6 13. Bf4 Ba6 14. Qb3 Rac8 15. Rad1 Rfe8 16. Rfe1 Na5 17. Qa4 Bb7 18. Bf1 d5 19. b4 Nc4 20. Qc2 c5 21. b5 d4 22. Na4 Bd5 23. e4 Na3 24. Qc1 Nxe4 25. Qxa3 Qf6 26. Qc1 Ra8 27. Nb2 Rxa2 28. Bc4 Bxc4 29. Nxc4 g5 30. Qb1 Ra4 31. Rxe4 Rxe4 32. Qxe4 gxf4 33. Ne5 Rb4 34. gxf4 Rxb5 35. Kh1 Kh8 36. Rg1 Ra5 37. Qb7 1-0


[Site "https://www.chess.com"]

[Event "Titled Tuesday Blitz October 31 Late 2023"]
[White "Bokros, Albert"]
[Black "Su, Dion"]
[WhiteFideId "710458"]
[BlackFideId "2029731"]
[WhiteElo "2331"]
[BlackElo "2405"]
[Result "1/2-1/2"]
[Round "9"]
[TimeControl "180+1"]
[Date "2023.10.31"]
[WhiteClock "0:00:07"]
[BlackClock "0:00:05"]
[Board "99"]

1. e4 e6 2. d4 d5 3. Nc3 Nf6 4. e5 Nfd7 5. Nce2 c5 6. c3 Nc6 7. Nf3 f6 8. exf6 Nxf6 9. Nf4 cxd4 10. cxd4 Bd6 11. Bd3 Qc7 12. g3 O-O 13. O-O e5 14. dxe5 Nxe5 15. Nxe5 Bxe5 16. Re1 Bg4 17. Qb3 Rad8 18. h3 Bc8 19. Bd2 g5 20. Rac1 Qb8 21. Ne2 h6 22. Bc3 Bxc3 23. Nxc3 Bxh3 24. Re7 Qd6 25. Qxb7 Rd7 26. Rxd7 Bxd7 27. Rd1 Bc6 28. Qb3 Kh8 29. Ne2 Ng4 30. Qc3+ Kg8 31. Rf1 Ba8 32. Qd4 Ne5 33. Kg2 Nxd3 34. Qxd3 d4+ 35. f3 g4 36. Nf4 Bxf3+ 37. Rxf3 gxf3+ 38. Kxf3 Qf6 39. Qe4 d3 40. Qxd3 Qxb2 41. Qg6+ Qg7 42. Qe6+ Qf7 43. Qxh6 Qxa2 44. Qg6+ Kh8 45. Qh6+ Kg8 46. Kg4 Qf7 47. Kf3 Qb3+ 48. Kg2 Qf7 49. Qg5+ Qg7 50. Qd5+ Qf7 51. Qg5+ Qg7 52. Qd5+ Rf7 53. Qd8+ Kh7 54. Qh4+ Qh6 55. Qg4 Rg7 56. Qf5+ Kg8 57. Qc8+ Kh7 58. Qf5+ Kg8 59. Qc8+ Kh7 60. Qc2+ Kg8 61. Qc8+ 1/2-1/2


[Site "https://www.chess.com"]

[Event "Titled Tuesday Blitz October 31 Late 2023"]
[White "Nikolova, Adriana"]
[Black "pinguino120"]
[WhiteFideId "2908689"]
[WhiteElo "2388"]
[BlackElo "2238"]
[Result "1-0"]
[Round "9"]
[TimeControl "180+1"]
[Date "2023.10.31"]
[WhiteClock "0:00:27"]
[BlackClock "0:00:10"]
[Board "100"]

1. d4 Nf6 2. Bf4 b6 3. e3 Bb7 4. Nf3 g6 5. Bd3 d5 6. Nbd2 Bg7 7. O-O O-O 8. Ne5 c5 9. c3 Nc6 10. Qf3 Nh5 11. Nxc6 Bxc6 12. Be5 f6 13. Bg3 Nxg3 14. Qxg3 e5 15. dxc5 bxc5 16. e4 dxe4 17. Nxe4 f5 18. Bc4+ Bd5 19. Nd2 Bxc4 20. Nxc4 Qd5 21. b3 e4 22. Rad1 Qf7 23. Rd6 Rad8 24. Rfd1 Rxd6 25. Rxd6 Qe7 26. Qf4 g5 27. Qd2 Be5 28. Qd5+ 1-0


[Site "https://www.chess.com"]

[Event "Titled Tuesday Blitz October 31 Late 2023"]
[White "Elbebiber"]
[Black "Todorovic, Bojan"]
[BlackFideId "917087"]
[WhiteElo "2173"]
[BlackElo "2380"]
[Result "0-1"]
[Round "9"]
[TimeControl "180+1"]
[Date "2023.10.31"]
[WhiteClock "0:00:02"]
[BlackClock "0:00:31"]
[Board "101"]

1. f4 d6 2. Nf3 Bg4 3. e3 c5 4. h3 Bd7 5. b3 Nf6 6. Be2 g6 7. Bb2 Bg7 8. O-O Nc6 9. d3 O-O 10. Nbd2 Nd5 11. Bxg7 Nxe3 12. Qc1 Kxg7 13. Re1 Nf5 14. Ne4 Ncd4 15. Qb2 Kg8 16. Nxd4 Nxd4 17. Bf1 Bc6 18. c3 Nf5 19. Qf2 e6 20. g4 Ng7 21. Bg2 f5 22. Ng5 fxg4 23. hxg4 Qf6 24. Bxc6 bxc6 25. Nh3 Qxc3 26. Qe3 Qd4 27. Rac1 Qxe3+ 28. Rxe3 a5 29. Kg2 a4 30. Kg3 axb3 31. axb3 Ra3 32. Rb1 Rb8 33. d4 cxd4 34. Rd3 c5 35. Ng5 h5 36. Ne4 Rb6 37. Nf6+ Kf7 38. Nd7 Rb7 0-1


[Site "https://www.chess.com"]

[Event "Titled Tuesday Blitz October 31 Late 2023"]
[White "De Souza, Cristiano Gomes"]
[Black "Guha, Eshan"]
[WhiteFideId "2151758"]
[BlackFideId "30958628"]
[WhiteElo "2245"]
[BlackElo "2359"]
[Result "1-0"]
[Round "9"]
[TimeControl "180+1"]
[Date "2023.10.31"]
[WhiteClock "0:00:06"]
[BlackClock "0:00:00"]
[Board "102"]

1. d4 Nf6 2. c4 c5 3. d5 b5 4. cxb5 a6 5. bxa6 g6 6. Nc3 Bg7 7. g3 O-O 8. Bg2 d6 9. Nf3 Bxa6 10. O-O Nbd7 11. Qd2 Nb6 12. Rd1 Qd7 13. Nh4 Rfb8 14. b3 c4 15. Bb2 Nc8 16. Qc2 Qb7 17. Na4 cxb3 18. axb3 Qxb3 19. Qd2 Bc4 20. Ra3 Qb5 21. Nc3 Qb7 22. Rxa8 Rxa8 23. e4 Nb6 24. Nf3 Ng4 25. Nd4 Ne5 26. Nc6 Nxc6 27. dxc6 Qxc6 28. e5 d5 29. Ne2 Ra2 30. Nd4 Qb7 31. Ra1 e6 32. Rxa2 Bxa2 33. Qa5 Bc4 34. Ba3 Bxe5 35. Nf3 Bf6 36. h4 h5 37. Ng5 Nd7 38. Qd2 Kg7 39. Bd6 Qb1+ 40. Kh2 Qd3 41. Qf4 Qf5 42. Qxf5 gxf5 43. f4 d4 44. Nf3 d3 45. Nd2 Ba6 46. Kg1 Nb6 47. Bf1 1-0


[Site "https://www.chess.com"]

[Event "Titled Tuesday Blitz October 31 Late 2023"]
[White "SlippperyWhenWet"]
[Black "Flameboard08"]
[WhiteElo "2311"]
[BlackElo "2568"]
[Result "0-1"]
[Round "9"]
[TimeControl "180+1"]
[Date "2023.10.31"]
[WhiteClock "0:01:14"]
[BlackClock "0:00:08"]
[Board "103"]

1. e4 b6 2. d4 Bb7 3. Bd3 e6 4. Qe2 Nf6 5. Nf3 d5 6. e5 Ne4 7. Nbd2 Nxd2 8. Bxd2 c5 9. c3 Nc6 10. O-O a5 11. c4 Nxd4 12. Nxd4 cxd4 13. cxd5 Qxd5 14. Bb5+ Bc6 15. Bxc6+ Qxc6 16. Rac1 Bc5 17. Qg4 h5 18. Qxg7 O-O-O 19. Qxf7 Rdf8 20. Qa7 Rhg8 21. f3 Rxf3 22. Rxf3 Qxf3 23. Rxc5+ bxc5 24. Qxc5+ Kb8 25. Qd6+ Ka7 26. Qc5+ Kb7 27. Qe7+ Ka8 28. Qd8+ Rxd8 29. gxf3 a4 30. Kf2 Rd5 31. f4 Rb5 32. b4 axb3 33. axb3 Rxb3 34. Ke2 Kb7 35. Ba5 Kc6 36. Bd8 Kd5 37. h4 Ke4 38. Bg5 Rb2+ 39. Kd1 Rg2 40. Bh6 d3 41. f5 Kxf5 42. Bd2 Ke4 43. Bh6 Kxe5 44. Bd2 Ke4 45. Bh6 Kf3 46. Bg5 e5 47. Bh6 e4 48. Bc1 e3 49. Bd2 Rg1+ 50. Be1 d2 51. Kc2 dxe1=Q 52. Kd3 Qd2+ 53. Kc4 Rc1+ 54. Kb3 Qc3+ 55. Ka4 Ra1+ 56. Kb5 Ra5+ 57. Kb6 Qc5+ 58. Kb7 Ra7+ 59. Kb8 Qc7# 0-1


[Site "https://www.chess.com"]

[Event "Titled Tuesday Blitz October 31 Late 2023"]
[White "Sari, Yasin"]
[Black "Chocenka, Dmitrijus"]
[WhiteFideId "6320902"]
[BlackFideId "12802336"]
[WhiteElo "2300"]
[BlackElo "2470"]
[Result "0-1"]
[Round "9"]
[TimeControl "180+1"]
[Date "2023.10.31"]
[WhiteClock "0:00:00"]
[BlackClock "0:00:50"]
[Board "104"]

1. Nf3 Nf6 2. g3 g6 3. Bg2 Bg7 4. O-O O-O 5. c4 d6 6. d4 Nc6 7. Nc3 Bf5 8. d5 Na5 9. Nd2 Ne8 10. e4 Bd7 11. Qc2 c6 12. b4 Nxc4 13. Nxc4 cxd5 14. exd5 Rc8 15. Qd3 b5 16. Na5 Rxc3 17. Qe2 Bf5 18. Bg5 Rc2 19. Qxe7 Qxe7 20. Bxe7 Bxa1 21. Rxa1 Bd3 22. Bf3 Kg7 23. Bxf8+ Kxf8 24. Nc6 a6 25. Kg2 Bc4 26. a4 Nf6 27. axb5 axb5 28. Ra7 Nxd5 29. Nd8 Nxb4 30. Nb7 Nd3 31. Nxd6 Rxf2+ 32. Kg1 Rxf3 0-1


[Site "https://www.chess.com"]

[Event "Titled Tuesday Blitz October 31 Late 2023"]
[White "Liu, Casper"]
[Black "Acikel, Mert"]
[WhiteFideId "1454153"]
[BlackFideId "12956465"]
[WhiteElo "2416"]
[BlackElo "2302"]
[Result "1-0"]
[Round "9"]
[TimeControl "180+1"]
[Date "2023.10.31"]
[WhiteClock "0:01:31"]
[BlackClock "0:00:04"]
[Board "105"]

1. e4 c6 2. d4 d5 3. Nd2 dxe4 4. Nxe4 Bf5 5. Ng3 Bg6 6. Nf3 Nd7 7. Bd3 Ngf6 8. O-O e6 9. Re1 Be7 10. Bf4 O-O 11. Bxg6 hxg6 12. c3 Nd5 13. Bd2 Qc7 14. Ne5 Nxe5 15. Rxe5 Bf6 16. Re2 Rfe8 17. Ne4 Be7 18. Qb3 b6 19. c4 Nf6 20. Ng5 Rad8 21. Qh3 Rxd4 22. Bc3 Rd7 23. Re4 Nh5 24. Nxf7 Kxf7 25. Qxe6+ Kf8 26. Qxg6 Nf6 27. Rh4 Red8 28. Rh8+ Ng8 29. Bxg7# 1-0


[Site "https://www.chess.com"]

[Event "Titled Tuesday Blitz October 31 Late 2023"]
[White "Skaric, Djuro"]
[Black "nicholas_ilic"]
[WhiteFideId "934569"]
[WhiteElo "2298"]
[BlackElo "2375"]
[Result "1-0"]
[Round "9"]
[TimeControl "180+1"]
[Date "2023.10.31"]
[WhiteClock "0:00:51"]
[BlackClock "0:00:05"]
[Board "106"]

1. g3 d5 2. Bg2 Nf6 3. d3 e5 4. Nf3 Bd6 5. O-O c6 6. h3 h6 7. Nc3 O-O 8. e4 Nbd7 9. Nd2 d4 10. Ne2 Re8 11. f4 exf4 12. gxf4 Bc7 13. Nf3 c5 14. Ng3 Nf8 15. e5 Nd5 16. Qe2 Ng6 17. Nh2 Qh4 18. Bxd5 Qxg3+ 19. Qg2 Qxg2+ 20. Kxg2 Nh4+ 21. Kg3 Nf5+ 22. Kg2 Be6 23. Bxb7 Rab8 24. Be4 g6 25. b3 Ba5 26. Ng4 Kg7 27. Rf2 h5 28. Nf6 Rec8 29. a4 Bd8 30. Bxf5 Bxf5 31. Ne4 Bh4 32. Re2 Bxe4+ 33. Rxe4 Re8 34. Ba3 Rbc8 35. Rf1 Kf8 36. f5 g5 37. e6 f6 38. Rxd4 Kg7 39. Rd7+ Kh6 40. Rf7 g4 41. hxg4 hxg4 42. Rh1 Kg5 43. Rh7 Rh8 44. Rxh8 Rxh8 45. Bxc5 Kxf5 46. e7 g3 47. Bxa7 Kg4 48. Re1 f5 49. e8=Q Rxe8 50. Rxe8 f4 51. Rf8 Bg5 52. Bb8 Bh6 53. Rf7 Bg5 54. a5 Kh4 55. Bxf4 Kg4 56. Bxg5 Kxg5 1-0


[Site "https://www.chess.com"]

[Event "Titled Tuesday Blitz October 31 Late 2023"]
[White "LuxLinster"]
[Black "Mushini Ajay"]
[BlackFideId "35066188"]
[WhiteElo "2269"]
[BlackElo "2373"]
[Result "0-1"]
[Round "9"]
[TimeControl "180+1"]
[Date "2023.10.31"]
[WhiteClock "0:00:00"]
[BlackClock "0:01:01"]
[Board "107"]

1. d4 Nf6 2. c4 e6 3. g3 c5 4. Nf3 cxd4 5. Nxd4 Nc6 6. Bg2 Bc5 7. Nb5 d5 8. cxd5 exd5 9. Bxd5 Bxf2+ 10. Kxf2 Qb6+ 11. Kg2 Qxb5 12. Nc3 Qb6 13. Bg5 Ng4 14. Bxf7+ Kxf7 15. Rf1+ Nf6 16. Bxf6 gxf6 17. Rxf6+ Kg7 18. Qf1 Qc7 19. Nd5 Qd7 20. e4 Qh3+ 21. Kg1 Qxf1+ 22. Raxf1 Ne5 23. Nc7 Rb8 24. Ne6+ Bxe6 25. Rxe6 Rhe8 26. Rxe8 Rxe8 0-1


[Site "https://www.chess.com"]

[Event "Titled Tuesday Blitz October 31 Late 2023"]
[White "Lock, Gavin R"]
[Black "Baghdasaryan, Vahe"]
[WhiteFideId "408646"]
[BlackFideId "13303139"]
[WhiteElo "2239"]
[BlackElo "2363"]
[Result "1-0"]
[Round "9"]
[TimeControl "180+1"]
[Date "2023.10.31"]
[WhiteClock "0:00:20"]
[BlackClock "0:00:21"]
[Board "108"]

1. e4 e5 2. Nf3 Nc6 3. Bb5 a6 4. Ba4 Nf6 5. d3 b5 6. Bb3 Bc5 7. Nc3 d6 8. Nd5 Nxd5 9. Bxd5 Bb7 10. c3 O-O 11. O-O Rb8 12. b4 Bb6 13. a4 Ne7 14. Bxb7 Rxb7 15. axb5 axb5 16. d4 Ng6 17. Re1 h6 18. Qd3 c6 19. Be3 Qc8 20. dxe5 Bxe3 21. Qxe3 dxe5 22. Qc5 Re8 23. Ra6 Qg4 24. h3 Qf4 25. Rxc6 Rbe7 26. Qxb5 Re6 27. Rxe6 Rxe6 28. Qc5 Rf6 29. b5 Nh4 30. Nxh4 Qxh4 31. c4 Rg6 32. Qe3 Qd8 33. c5 Qd7 34. c6 Qc7 35. Rc1 f5 36. exf5 Rf6 37. b6 Qc8 38. Qxe5 Rxf5 39. Qxf5 Qxf5 40. c7 Qc8 41. b7 Qxb7 42. c8=Q+ Qxc8 43. Rxc8+ Kh7 44. Rc6 g6 45. g4 h5 46. Kg2 hxg4 47. hxg4 Kh6 48. Kg3 Kg5 49. f4+ Kh6 50. Kh4 Kg7 51. Kg5 Kf8 52. Rxg6 Ke8 53. Rf6 Kd8 54. f5 Kc8 55. Kg6 Kd7 56. Rf7+ Kd6 57. Kf6 Kd5 58. Re7 Kd4 59. Re6 Kd3 60. g5 Kd2 61. g6 Kd3 62. g7 Kd2 63. g8=Q Kc2 64. Qd8 Kc1 65. Rc6+ Kb1 66. Qb8+ Ka1 67. Ra6# 1-0


[Site "https://www.chess.com"]

[Event "Titled Tuesday Blitz October 31 Late 2023"]
[White "Clawitter, Craig"]
[Black "Balla, Tamas-Kristof"]
[WhiteFideId "2023105"]
[BlackFideId "1208497"]
[WhiteElo "2223"]
[BlackElo "2327"]
[Result "1-0"]
[Round "9"]
[TimeControl "180+1"]
[Date "2023.10.31"]
[WhiteClock "0:02:11"]
[BlackClock "0:01:36"]
[Board "109"]

1. e4 c5 2. Nf3 Nc6 3. d4 cxd4 4. Nxd4 e5 5. Nb5 d6 6. N1c3 a6 7. Na3 b5 8. Nd5 Nge7 9. c4 Nxd5 10. exd5 Nd4 11. cxb5 Bd7 12. bxa6 Qa5+ 13. Bd2 Qxd5 14. f3 Be7 15. Bc4 Bh4+ 16. Kf1 Qc5 17. Be3 O-O 18. Rc1 Qb4 19. Bxd4 exd4 20. Qxd4 Bf6 21. Bxf7+ 1-0


[Site "https://www.chess.com"]

[Event "Titled Tuesday Blitz October 31 Late 2023"]
[White "Smirnov, Timofey"]
[Black "Padalka, Artem"]
[WhiteFideId "24176427"]
[BlackFideId "14118637"]
[WhiteElo "2216"]
[BlackElo "2323"]
[Result "0-1"]
[Round "9"]
[TimeControl "180+1"]
[Date "2023.10.31"]
[WhiteClock "0:00:14"]
[BlackClock "0:00:44"]
[Board "110"]

1. d4 Nf6 2. Bf4 c5 3. e3 g6 4. c3 Bg7 5. Nf3 O-O 6. h3 d6 7. Be2 cxd4 8. exd4 Nd5 9. Bh2 Nc6 10. O-O e5 11. dxe5 dxe5 12. Bc4 Nb6 13. Bb3 Bf5 14. Nbd2 e4 15. Ne1 Qg5 16. Kh1 Rad8 17. f4 Qh4 18. Qe2 Rfe8 19. Qe3 Nd5 20. Bxd5 Rxd5 21. Nb3 b6 22. Bg3 Qd8 23. Nc2 Rd3 24. Qe1 e3 25. Rf3 e2 26. Rxd3 Qxd3 27. Ncd4 Nxd4 28. Nxd4 Bxd4 29. cxd4 Qxd4 30. Rc1 Qxb2 31. Bf2 Qxa2 32. Ra1 Qd5 33. Rxa7 Be4 34. Ra6 Bxg2+ 35. Kg1 Bxh3 36. Rxb6 Qg2# 0-1


[Site "https://www.chess.com"]

[Event "Titled Tuesday Blitz October 31 Late 2023"]
[White "VitaliyChayka"]
[Black "Minina, Veronika"]
[BlackFideId "4174780"]
[WhiteElo "2155"]
[BlackElo "2319"]
[Result "0-1"]
[Round "9"]
[TimeControl "180+1"]
[Date "2023.10.31"]
[WhiteClock "0:00:03"]
[BlackClock "0:00:09"]
[Board "111"]

1. d4 Nf6 2. Bf4 g6 3. e3 Bg7 4. h3 d6 5. Nf3 O-O 6. Nbd2 Nbd7 7. Be2 Qe8 8. O-O e5 9. Bh2 b6 10. Nc4 Ne4 11. a4 Bb7 12. c3 a5 13. Na3 Kh8 14. Nd2 f5 15. Nxe4 fxe4 16. Nb5 Rc8 17. Qb3 Qe7 18. Rac1 exd4 19. cxd4 Nf6 20. Na7 Rce8 21. Bb5 Bd5 22. Qc2 Ra8 23. Nc6 Qf7 24. b4 Bb3 25. Qd2 axb4 26. Qxb4 Be6 27. Qb2 Nd5 28. Nb4 Nxb4 29. Qxb4 Bf6 30. Rc2 Bd8 31. Bc6 Ra5 32. Rd2 Rg5 33. Kh1 d5 34. Qb2 Bxh3 35. Qb3 Bxg2+ 36. Kg1 Qf3 37. Bg3 Bh3 0-1


[Site "https://www.chess.com"]

[Event "Titled Tuesday Blitz October 31 Late 2023"]
[White "Romero Ruscalleda, Josep"]
[Black "Sarkar, Justin"]
[WhiteFideId "2231859"]
[BlackFideId "2010011"]
[WhiteElo "2298"]
[BlackElo "2208"]
[Result "0-1"]
[Round "9"]
[TimeControl "180+1"]
[Date "2023.10.31"]
[WhiteClock "0:00:00"]
[BlackClock "0:00:03"]
[Board "112"]

1. e4 c5 2. c3 d5 3. exd5 Nf6 4. Nf3 Nxd5 5. Bc4 Nc6 6. O-O Nb6 7. Bb3 c4 8. Bc2 Bg4 9. Re1 e6 10. a4 Bd6 11. h3 Bh5 12. a5 Nd7 13. a6 b5 14. Na3 Rb8 15. b3 cxb3 16. Bxb3 Nde5 17. g4 Bg6 18. d4 Nd3 19. Re3 Nxc1 20. Qxc1 O-O 21. Qe1 b4 22. Nc4 bxc3 23. Nxd6 Rxb3 24. Nb7 Qd5 25. Rxc3 Rxc3 26. Qxc3 Be4 27. Nd2 Nxd4 28. Re1 Bh1 29. f3 Nxf3+ 30. Nxf3 Bxf3 31. Re3 Bh1 32. Qc2 h5 33. gxh5 Qg5+ 34. Kxh1 Qxe3 35. h6 Qxh3+ 36. Kg1 Qxh6 37. Qc5 Qg6+ 38. Kh1 Qe4+ 39. Kg1 Qe1+ 40. Kh2 Qd2+ 41. Kh3 Qd5 42. Qxa7 Rc8 43. Nd6 Rc3+ 0-1


[Site "https://www.chess.com"]

[Event "Titled Tuesday Blitz October 31 Late 2023"]
[White "Desideri, Ricardo Maruchi"]
[Black "Pein, Jonathan"]
[WhiteFideId "2110440"]
[BlackFideId "417092"]
[WhiteElo "1962"]
[BlackElo "2294"]
[Result "0-1"]
[Round "9"]
[TimeControl "180+1"]
[Date "2023.10.31"]
[WhiteClock "0:01:44"]
[BlackClock "0:01:56"]
[Board "113"]

1. e4 e5 2. f4 d6 3. c3 exf4 4. d4 Qh4+ 5. Kd2 Nf6 6. Nf3 Nxe4+ 7. Kc2 Qf2+ 8. Kb3 Be6+ 9. c4 Nc6 10. d5 Qb6+ 11. Kc2 Nb4+ 12. Kb3 Nxd5+ 13. Ka3 Qb4# 0-1


[Site "https://www.chess.com"]

[Event "Titled Tuesday Blitz October 31 Late 2023"]
[White "Vila Dupla, Aurelio"]
[Black "Perry, Patrick"]
[WhiteFideId "2203383"]
[BlackFideId "30917727"]
[WhiteElo "2217"]
[BlackElo "2198"]
[Result "1-0"]
[Round "9"]
[TimeControl "180+1"]
[Date "2023.10.31"]
[WhiteClock "0:00:19"]
[BlackClock "0:01:42"]
[Board "114"]

1. Nf3 c5 2. c4 Nf6 3. Nc3 g6 4. d4 cxd4 5. Nxd4 Bg7 6. e4 O-O 7. Be3 Nc6 8. Be2 Ne8 9. O-O Nc7 10. Bg4 d6 11. Bxc8 Rxc8 12. Rc1 a6 13. b3 Nxd4 14. Bxd4 Bxd4 15. Qxd4 Ne6 16. Qe3 Qa5 17. Nd5 Rfe8 18. Rc2 b5 19. Rfc1 bxc4 20. Nb6 Rc6 21. Nxc4 Qc5 22. Qxc5 Rxc5 23. Ne3 Rec8 24. Rxc5 Rxc5 25. Rxc5 Nxc5 26. f3 Kf8 27. Kf2 e6 28. Ke2 Ke7 29. Kd2 Kd7 30. Kc3 Kc6 31. Nc4 f6 32. Nb2 d5 33. exd5+ Kxd5 34. Nd3 Nxd3 35. Kxd3 e5 36. b4 f5 37. a4 g5 38. g3 h6 39. h3 h5 40. g4 e4+ 41. fxe4+ fxe4+ 42. Ke3 hxg4 43. hxg4 Kc4 44. b5 axb5 45. axb5 Kxb5 46. Kxe4 Kc6 47. Kf5 Kd7 48. Kxg5 Ke8 49. Kg6 Kf8 50. Kh7 Kf7 51. g5 1-0


[Site "https://www.chess.com"]

[Event "Titled Tuesday Blitz October 31 Late 2023"]
[White "Mariia89"]
[Black "Oliveira, Tiago Batista"]
[BlackFideId "2108291"]
[WhiteElo "2180"]
[BlackElo "2043"]
[Result "1/2-1/2"]
[Round "9"]
[TimeControl "180+1"]
[Date "2023.10.31"]
[WhiteClock "0:00:04"]
[BlackClock "0:01:05"]
[Board "115"]

1. d4 Nf6 2. Nf3 g6 3. c4 Bg7 4. Nc3 d5 5. Bg5 Ne4 6. cxd5 Nxg5 7. Nxg5 e6 8. Nf3 exd5 9. e3 O-O 10. Be2 b6 11. O-O Ba6 12. Bxa6 Nxa6 13. Qa4 Nb8 14. Rac1 c6 15. h3 Qd6 16. Rfd1 Nd7 17. Ne2 Rfc8 18. Nf4 h6 19. Nd3 f6 20. Rc2 Rc7 21. Rdc1 Rac8 22. b4 Bf8 23. a3 Be7 24. Nf4 Kf7 25. Qb3 g5 26. Nxd5 Qe6 27. e4 Bd6 28. Qa4 cxd5 29. Rxc7 Rxc7 30. Rxc7 Bxc7 31. Qxa7 dxe4 32. Nxg5+ hxg5 33. Qxc7 Kg6 34. a4 f5 35. a5 bxa5 36. bxa5 Nf6 37. Qb7 Qa2 38. a6 Qa1+ 39. Kh2 Qxd4 40. a7 Qe5+ 41. Kg1 Qa1+ 42. Kh2 Qe5+ 43. Kg1 Qa1+ 44. Kh2 Qe5+ 1/2-1/2


[Site "https://www.chess.com"]